 Dungeon Crawl Stone Soup version 0.32-a0-40-g2adb59ae06 (webtiles) character file.

Game seed: 11372203875314281781

139981 grandjackal the Warrior (level 16, -8/141 HPs)
             Began as a Mummy Fighter on Jan 25, 2024.
             Was an Initiate of Gozag.
             Mangled by a radroach (33 damage)
             ... on level 4 of the Spider Nest.
             The game lasted 00:48:52 (35702 turns).

grandjackal the Warrior (Mummy Fighter)            Turns: 35702, Time: 00:48:52

Health: -8/141     AC: 35    Str: 32    XL:     16   Next: 74%
Magic:  0/16       EV:  6    Int:  6    God:    Gozag
Gold:   6517       SH: 11    Dex:  7    Spells: 15/15 levels left

rFire   . . .        u - +7 war axe of Amortisation {speed, +Blink rPois Int-2 Dex-5}
rCold   + + .        v - +0 kite shield
rNeg    + + +        E - +0 crystal plate armour {rC+}
rPois   ∞            F - +2 hat of the Bear Spirit {Spirit, Bear, *Rage Will++}
rElec   .            m - +2 cloak
rCorr   +            k - +2 pair of gloves {Stlth+}
SInv    .            n - +2 pair of boots {Stlth+}
Will    ++++.        b - amulet of the acrobat Stlth
                     w - +6 ring of strength
HPRegen 0.43/turn    g - ring of Coyroz {Fly rF+ rCorr}
MPRegen 0.15/turn

%: acrobat, guardian spirit, faith
@: gold aura, flying, contaminated, glowing
A: cold resistance 1, negative energy resistance 3, torment resistance 2, heat
vulnerability 1, in touch with death 2, no potions, faith
a: Renounce Religion, Evoke Blink, Potion Petition, Call Merchant, Bribe Branch


You were on level 4 of the Spider Nest.
You worshipped Gozag.
Gozag was greatly pleased with you.
You visited 5 branches of the dungeon, and saw 27 of its levels.
You also visited: Ice Cave and Volcano.

You collected 8875 gold pieces.
You spent 881 gold pieces at shops.
You paid 1477 gold pieces to Gozag.

Inventory:

Hand Weapons
 u - the +7 war axe of Amortisation (weapon) {speed, +Blink rPois Int-2 Dex-5}
   (You found it on level 1 of the Spider Nest)

   Int-2:     It affects your intelligence (-2).
   Dex-5:     It affects your dexterity (-5).
   rPois:     It protects you from poison +Blink: It lets you blink.
 C - a +5 broad axe of flaming
Missiles
 y - 3 throwing nets (quivered)
Armour
 k - a +2 pair of gloves of stealth (worn)
 m - a +2 cloak (worn)
 n - a +2 pair of boots of stealth (worn)
 r - a +2 plate armour of fire resistance
 s - a +4 scale mail of fire resistance
 v - a +0 kite shield (worn)
 E - a +0 crystal plate armour of cold resistance (worn)
 F - the +2 hat of the Bear Spirit (worn) {Spirit, Bear, *Rage Will++}
   (You bought it in a shop on level 2 of the Orcish Mines)

   Bear:      Going berserk makes the wearer exceptionally tough, and they are
   slowed for a shorter time afterward.
   Will++:    It greatly increases your willpower.
   *Rage:     It berserks you when you make melee attacks (+20% chance).
 H - a +2 pair of boots of rampaging
 I - the +12 ice dragon scales "Uraqaudo" {rPois rF- rC++}
   (You found it in an ice cave)

   rF-:       It makes you vulnerable to fire.
   rC++:      It greatly protects you from cold.
   rPois:     It protects you from poison
Jewellery
 b - an amulet of the acrobat (around neck)
 g - the ring of Coyroz (right hand) {Fly rF+ rCorr}
   (You found it on level 3 of the Lair of Beasts)

   [ring of flight]

   rF+:       It protects you from fire.
   Fly:       It grants you flight.
   rCorr:     It protects you from acid and corrosion.
 q - a ring of protection from fire
 w - a +6 ring of strength (left hand)
Wands
 f - a wand of mindburst (10)
 l - a wand of iceblast (17)
 z - a wand of light (23)
 D - a wand of flame (17)
 G - a wand of charming (3)
Scrolls
 a - a scroll of fear
 c - 6 scrolls of identify
 e - 2 scrolls of brand weapon
 h - 5 scrolls of immolation
 i - 4 scrolls of fog
 j - 5 scrolls of poison
 o - 4 scrolls of revelation
 p - 5 scrolls of teleportation
 t - 2 scrolls of blinking
 A - 3 scrolls of vulnerability
 B - a scroll of enchant armour
Miscellaneous
 d - a lightning rod (4/4)
 x - a box of beasts


   Skills:
 + Level 17.5 Fighting
 + Level 14.7 Axes
 - Level 13.7 Armour
 + Level 12.5 Shields
 * Level 0.8 Evocations


You had 15 spell levels left.
You didn't know any spells.
Your spell library contained the following spells:

 Spells                   Type           Power      Damage    Failure   Level
 Freeze                   Ice            0%         1d3       100%        1
 Magic Dart               Conj           0%         1d3       100%        1
 Necrotise                Necr           0%         1d4       100%        1
 Sting                    Conj/Alch      0%         1d3       100%        1
 Blink                    Tloc           0%         N/A       100%        2
 Call Imp                 Summ           0%         N/A       100%        2
 Ensorcelled Hibernation  Hex/Ice        0%         N/A       100%        2
 Mercury Vapours          Alch/Air       0%         N/A       100%        2
 Frozen Ramparts          Ice            0%         1d1       100%        3
 Fugue of the Fallen      Necr           0%         N/A       100%        3
 Inner Flame              Hex/Fire       0%         N/A       100%        3
 Vampiric Draining        Necr           0%         2d6       100%        3
 Anguish                  Hex/Necr       0%         N/A       100%        4
 Flame Wave               Conj/Fire      0%         2d4       100%        4
 Leda's Liquefaction      Alch/Erth      0%         N/A       100%        4
 Martyr's Knell           Necr/Summ      0%         N/A       100%        4
 Olgreb's Toxic Radiance  Alch           0%         N/A       100%        4
 Petrify                  Alch/Erth      0%         N/A       100%        4
 Sticky Flame             Fire/Alch      0%         2d4       100%        4
 Curse of Agony           Necr           0%         N/A       100%        5
 Freezing Cloud           Conj/Ice/Air   0%         6-21      100%        5
 Metabolic Englaciation   Hex/Ice        0%         N/A       100%        5
 Sculpt Simulacrum        Ice/Alch       0%         N/A       100%        6


Dungeon Overview and Level Annotations

Branches:
Dungeon (15/15)            Temple (1/1) D:5            Lair (5/5) D:8
 Shoals (0/4) Lair:3       Spider (4/4) Lair:3        Slime (0/5) Lair:4
    Orc (2/2) D:10            Elf (0/3) Orc:2        Vaults (0/5) D:13
 Depths (0/4) D:15          IceCv (visited)         Volcano (visited)

Altars:
Ashenzari
Cheibriados
Dithmenos
Fedhas
Gozag
Hepliaklqana
Kikubaaqudgha
Makhleb
Nemelex Xobeh
Okawaru
Qazlal
Ru
Sif Muna
Trog
Uskayaw
Vehumet
Wu Jian
Xom
Yredelemnul
Jiyva

Shops:
D:2 [   D:5 [   Orc:2 [[[[!

Annotations:
D:4 3 runed translucent doors, Implojin's ghost, amateur KoEn
D:6 2 transporters, osoart's ghost, novice DESu
D:9 exclusion: obsidian statue
D:14 2 transporters, kairosrom117's ghost, journeyman DrFE
D:15 Agnes
Spider:3 2 runed translucent doors, MrSquiggles's ghost, adept KoBr
Orc:1 3 runed translucent doors, poochi's ghost, journeyman GrFi


Innate Abilities, Weirdness & Mutations

You are immune to poison.
Your flesh is cold resistant. (rC+)
You are immune to negative energy. (rN+++)
You are immune to unholy pain and torment.
You are vulnerable to heat. (rF-)
You are strongly in touch with the powers of death.
You do not drink.
You have a special connection with the divine. (Faith)


Message History

Unknown command.
You are too injured to fight recklessly!
Unknown command.
You slash the radroach!
The radroach is moderately wounded.
The radroach erupts in a fountain of uncontrolled magic!
You are blasted with magical radiation.
You are lightly contaminated with residual magic.
The orb spider weaves a glowing orb of energy.
An orb of destruction comes into view.
You hit the radroach but do no damage.
The radroach is moderately wounded.
Unknown command.
You hit the radroach but do no damage.
The radroach is heavily wounded.
The radroach erupts in a fountain of uncontrolled magic!
You are blasted with magical radiation!!
You are contaminated with residual magic.
You slash the radroach!
The radroach is heavily wounded.
You slash the radroach!
The radroach is severely wounded.
The radroach bites you but does no damage.
The radroach claws you.
* * * LOW HITPOINT WARNING * * *
You hit the radroach.
The radroach is severely wounded.
You slash the radroach!
The radroach is almost dead.
The radroach erupts in a fountain of uncontrolled magic!
You are blasted with magical radiation!!
* * * LOW HITPOINT WARNING * * *
You hit the radroach but do no damage.
The radroach is almost dead.
You slash the radroach!
The radroach is almost dead.
The radroach erupts in a fountain of uncontrolled magic!
You are blasted with magical radiation!!!
You die...
Your body crumbles into a pile of gold.

#....# ###..^
###..# ##...##
##....# #..##^#
##### ##.^###
##...#### ##.^#
#..@....### #..^##
#.B##^..#^###....#
##$.###....#...###
.s*^###^..#..###
#...#####..#..#^##
..... #^^.##.....#
##....##...#.....##
##..###.......#^#
.^## ##.....####


You could see a radroach and an orb spider.

Vanquished Creatures
  A tengu reaver (D:15)
  3 azure jellies (IceCv)
  A rockslime (IceCv)
  An emperor scorpion (Spider:4)
  A ghost moth (Spider:2)
  4 quicksilver oozes (IceCv)
  A broodmother (Spider:1)
  A spark wasp (Spider:2)
  A fire dragon (Lair:5)
  Fannar (Lair:3)
  2 vault guards (D:13)
  Harold (D:9)
  3 jorogumos
  An ogre mage (D:15)
  2 catoblepae
  A rakshasa (D:15)
  5 hydras
  A radroach (Spider:3)
  9 centaur warriors
  5 boulder beetles
  A tengu warrior (D:8)
  5 two-headed ogres
  A deep troll earth mage (D:15)
  3 orc high priests (Orc:2)
  8 demonic crawlers
  A hell knight (Volcano)
  A fire crab (shapeshifter) (D:15)
  6 pharaoh ants
  A skyshark (Lair:3)
  A salamander mystic (Volcano)
  3 orb spiders
  3 orange crystal statues (IceCv)
  A deep elf archer (D:13)
  2 steelbarb worms
  2 arcanists (D:13)
  3 orc knights
  A lindwurm (Lair:5)
  A necromancer (D:13)
  9 ugly things
  11 wolf spiders
  2 deep elf pyromancers
  4 orc sorcerers
  4 salamanders (Volcano)
  7 cyclopes
  3 moths of wrath
  Maurice (D:7)
  A manticore (D:12)
  11 elephants (Lair:2)
  3 kobold blastminers (Orc:2)
  3 meliai
  4 molten gargoyles
  8 black mambas
  13 cane toads
  4 torpor snails
  2 unseen horrors
  3 gargoyles
  A freezing wraith (D:15)
  10 komodo dragons
  An efreet (D:15)
  A yaktaur (D:15)
  2 rime drakes (Lair:3)
  Psyche (D:8)
  A queen bee (Spider:3)
  3 polar bears
  4 trolls
  7 tarantellas
  Grinder (D:4)
  16 blink frogs
  5 dream sheep (Lair:5)
  A snapping turtle (Lair:3)
  23 slime creatures
  18 jumping spiders
  Sigmund (D:2)
  12 culicivoras
  4 wraiths
  A vampire (D:11)
  13 wyverns
  A water elemental (Lair:3)
  4 shadows
  Eustachio (D:5)
  A hog (shapeshifter) (D:8)
  58 yaks
  16 humans (D:13)
  8 basilisks
  3 wargs
  5 steam dragons
  24 redbacks
  6 vampire mosquitoes
  Menkaure (D:4)
  Edmund (D:4)
  A hell hound (Lair:5)
  Duvessa (D:4)
  16 water moccasins
  4 great orb of eyes simulacra (IceCv)
  2 ice beasts (D:7)
  3 black bears
  A laughing skull (D:8)
  7 ogres
  21 orc warriors
  12 centaurs
  A phantom (D:4)
  9 slime creature simulacra (IceCv)
  Blork the orc (D:5)
  7 bullfrogs
  A glowing shapeshifter simulacrum (IceCv)
  2 scorpions
  9 wights
  19 killer bees
  A vampire bat (D:3)
  5 electric eels
  3 howler monkeys
  7 lava snakes
  8 jellies
  16 orc priests
  3 bombardier beetles
  A gnoll bouda (D:8)
  5 hounds
  A sleepcap (D:5)
  Terence (D:3)
  2 iguanas
  Ijyb (D:5)
  29 orc wizards
  2 gnolls (D:4)
  8 adders
  2 white imps
  6 fire bats
  A ribbon worm (D:2)
  61 orcs
  2 spectral bats (D:3)
  3 bat skeletons (D:3)
  A bat zombie (D:3)
  5 endoplasms
  4 giant cockroaches
  9 goblins
  14 hobgoblins
  2 jackals (D:3)
  2 quokkas
  11 ball pythons
  16 bats
  A bat simulacrum (D:3)
  8 frilled lizards
  14 kobolds
  3 rats
812 creatures vanquished.

Vanquished Creatures (collateral kills)
  A death knight (D:14)
  Sonja (D:10)
  A skeletal warrior (D:14)
  A deep elf pyromancer (D:12)
  An orc knight (Orc:2)
  A black mamba (Lair:3)
  A black mamba (shapeshifter) (D:14)
  A komodo dragon (Lair:5)
  A yak (Lair:3)
  3 hell hounds (Lair:5)
  2 orc wizards
  2 orcs
16 creatures vanquished.

Vanquished Creatures (others)
  Dowan (D:4)
  An orc priest (Orc:2)
  An orc wizard (Orc:2)
  2 orcs (D:7)
5 creatures vanquished.

Grand Total: 833 creatures vanquished

Notes
Turn   | Place    | Note
-------+----------+-------------------------------------------
     0 | D:1      | grandjackal the Mummy Fighter began the quest for the Orb.
     0 | D:1      | Reached XP level 1. HP: 18/18 MP: 1/1
   133 | D:1      | Reached XP level 2. HP: 15/24 MP: 2/2
   688 | D:2      | Reached XP level 3. HP: 29/29 MP: 3/3
   907 | D:2      | Found Luoshriff's Antique Armour Shoppe.
  1060 | D:2      | Noticed Sigmund
  1095 | D:2      | Killed Sigmund
  1096 | D:2      | Reached skill level 4 in Fighting
  1096 | D:2      | Reached XP level 4. HP: 6/38 MP: 4/4
  1096 | D:2      | Reached XP level 5. HP: 7/43 MP: 5/5
  1640 | D:3      | Reached XP level 6. HP: 49/49 MP: 6/6
  1760 | D:3      | Noticed Terence
  1772 | D:3      | Killed Terence
  1926 | D:2      | Bought a pair of glowing gloves for 157 gold pieces
  2297 | D:3      | Reached skill level 5 in Fighting
  2587 | D:4      | Noticed Menkaure
  2602 | D:4      | Killed Menkaure
  2603 | D:4      | Reached XP level 7. HP: 44/56 MP: 7/7
  2652 | D:4      | Noticed Grinder
  2665 | D:4      | Killed Grinder
  2793 | D:4      | Noticed Dowan
  2798 | D:4      | Noticed Duvessa
  2817 | D:4      | Your ally Dowan died
  2829 | D:4      | Killed Duvessa
  2830 | D:4      | Reached skill level 6 in Fighting
  3497 | D:4      | Reached XP level 8. HP: 58/64 MP: 8/8
  3519 | D:4      | Found a runed translucent gate.
  3521 | D:4      | Found a runed translucent gate.
  3522 | D:4      | Found a runed translucent gate.
  3526 | D:4      | Noticed Implojin's ghost (amateur KoEn)
  3630 | D:4      | Noticed Edmund
  3647 | D:4      | Killed Edmund
  3874 | D:5      | Entered Level 5 of the Dungeon
  3947 | D:5      | Noticed Eustachio
  3951 | D:5      | Reached skill level 5 in Axes
  3954 | D:5      | Noticed Blork the orc
  3980 | D:5      | Killed Blork the orc
  4006 | D:5      | Killed Eustachio
  4130 | D:5      | Reached skill level 7 in Fighting
  4133 | D:5      | Found a staircase to the Ecumenical Temple.
  4144 | Temple   | Entered the Ecumenical Temple
  4153 | Temple   | Became a worshipper of Gozag Ym Sagoz the Greedy
  4178 | D:5      | Noticed Ijyb
  4179 | D:5      | Found Luozir's Armour Emporium.
  4200 | D:5      | Killed Ijyb
  4597 | D:6      | Reached skill level 5 in Armour
  4896 | D:6      | Noticed osoart's ghost (novice DESu)
  4906 | D:6      | Reached XP level 9. HP: 70/72 MP: 9/9
  5007 | D:6      | Found a transporter.
  5011 | D:6      | Found a transporter.
  5298 | D:7      | Noticed Maurice
  5304 | D:7      | Maurice stole a +1 flail of protection
  5312 | D:7      | Maurice stole 101 gold
  5320 | D:7      | Something stole 111 gold
  5354 | D:7      | Killed Maurice
  5355 | D:7      | Reached skill level 8 in Fighting
  6259 | D:8      | Reached skill level 9 in Fighting
  6369 | D:7      | Reached XP level 10. HP: 24/83 MP: 10/10
  6804 | D:8      | Found a staircase to the Lair.
  6909 | D:8      | Noticed Psyche
  6920 | D:8      | Killed Psyche
  7194 | D:8      | Noticed a centaur warrior
  7194 | D:8      | Noticed a centaur warrior
  7210 | D:8      | Killed a centaur warrior
  7211 | D:8      | Reached skill level 10 in Fighting
  7222 | D:8      | Killed a centaur warrior
  7401 | D:8      | Noticed a cyclops
  7402 | D:8      | Noticed a cyclops
  7402 | D:8      | Noticed a tengu warrior
  7405 | D:8      | a cyclops changed into a hog
  7425 | D:8      | Killed a cyclops
  7444 | D:8      | Killed a tengu warrior
  7445 | D:8      | Reached skill level 11 in Fighting
  7636 | D:8      | Identified the +8 long sword of Mebehihu {venom, ^Fragile
                  | rF+ rN+ Int+5}
  7636 | D:8      | Identified the +3 orcbow "Moac" {freeze, rElec Dex+3}
  7636 | D:8      | Identified the +8 shortbow of Certain Death {flame, rF+}
  7636 | D:8      | Identified the +8 falchion of Disaster {vamp, +Blink Will+}
  7957 | D:9      | Reached XP level 11. HP: 74/93 MP: 11/11
  8115 | D:9      | Noticed Harold
  8140 | D:9      | Killed Harold
  8505 | D:9      | Found an ancient bone altar of Kikubaaqudgha.
  8510 | D:9      | Found a radiant altar of Vehumet.
  8511 | D:9      | Found a bloodstained altar of Trog.
  8511 | D:9      | Found a broken altar of Ashenzari.
  8511 | D:9      | Found a hazy altar of Hepliaklqana.
  8513 | D:9      | Found a blossoming altar of Fedhas.
  8819 | D:9      | Noticed an obsidian statue
  9696 | D:10     | Entered Level 10 of the Dungeon
  9703 | D:10     | Noticed Sonja
  9708 | D:10     | Killed Sonja
  9709 | D:10     | Reached skill level 5 in Shields
  9947 | D:10     | Reached skill level 12 in Fighting
 10158 | D:10     | Found an iron altar of Okawaru.
 10236 | D:10     | Found a staircase to the Orcish Mines.
 10468 | D:10     | Reached skill level 10 in Axes
 11094 | D:11     | Identified a scroll of acquirement
 11095 | D:11     | Acquired a manual of Armour
 12479 | D:12     | Reached XP level 12. HP: 89/103 MP: 12/12
 13085 | Orc:1    | Entered Level 1 of the Orcish Mines
 13508 | Orc:1    | Found a runed translucent gate.
 13512 | Orc:1    | Identified the ring of Cimnomoe {+Blink rElec rF+ rC-
                  | rCorr}
 13529 | Orc:1    | Found a runed translucent gate.
 13529 | Orc:1    | Noticed poochi's ghost (journeyman GrFi)
 13533 | Orc:1    | Found a runed translucent gate.
 13802 | Orc:2    | Entered Level 2 of the Orcish Mines
 13816 | Orc:2    | Found Ebevuita's Armour Shoppe.
 14054 | Orc:2    | Bought the +2 hat of the Bear Spirit {Spirit, Bear, *Rage
                  | Will++} for 488 gold pieces
 14054 | Orc:2    | Found the +2 hat of the Bear Spirit {Spirit, Bear, *Rage
                  | Will++}
 14119 | Orc:2    | Noticed a two-headed ogre
 14399 | Orc:1    | Reached skill level 13 in Fighting
 14777 | Orc:2    | Killed a two-headed ogre
 14817 | Orc:2    | Found a staircase to the Elven Halls.
 15218 | Orc:2    | Noticed an orc high priest
 15219 | Orc:2    | Noticed an orc high priest
 15250 | Orc:2    | Killed an orc high priest
 15585 | Orc:2    | Noticed an orc high priest
 15602 | Orc:2    | Killed an orc high priest
 15946 | Orc:2    | Killed an orc high priest
 16170 | Orc:2    | Found Jij Fem's Armour Shoppe.
 16170 | Orc:2    | Found Waenun's Distillery.
 16178 | Orc:2    | Gained mutation: You are strongly in touch with the powers
                  | of death. [Mummy growth]
 16178 | Orc:2    | Reached XP level 13. HP: 109/111 MP: 11/13
 16178 | Orc:2    | Found Qorumiul's Armour Shoppe.
 16178 | Orc:2    | Found Zuteniqug's Armour Boutique.
 16206 | Orc:2    | Bought a +2 pair of boots of stealth for 236 gold pieces
 16386 | Lair:1   | Entered Level 1 of the Lair of Beasts
 17858 | Lair:2   | Reached skill level 10 in Armour
 18760 | Lair:2   | Reached skill level 14 in Fighting
 19999 | Lair:3   | Found a staircase to the Shoals.
 20337 | Lair:3   | Noticed Fannar
 20361 | Lair:3   | Killed Fannar
 20898 | Lair:3   | Reached XP level 14. HP: 111/121 MP: 11/14
 21570 | Lair:3   | Identified the ring of Coyroz {Fly rF+ rCorr}
 22234 | Lair:3   | Found a hole to the Spider Nest.
 22492 | Lair:4   | Found a staircase to the Slime Pits.
 22705 | Lair:4   | Found a dark tunnel.
 22757 | Volcano  | Entered a volcano
 22933 | Volcano  | Found a bloodstained altar of Trog.
 23774 | Lair:4   | Found a viscous altar of Jiyva.
 24344 | Lair:5   | Entered Level 5 of the Lair of Beasts
 24352 | Lair:5   | Reached skill level 15 in Fighting
 24623 | Lair:5   | Identified the +4 ring mail of Gluttony {rF++}
 24652 | Lair:5   | Reached skill level 10 in Shields
 24700 | Lair:5   | Found a large runed translucent door.
 24700 | Lair:5   | Found a large runed translucent door.
 25853 | Lair:5   | Identified the staff of Arbitration {rN+ Str+3 Necro}
 26717 | D:13     | Reached XP level 15. HP: 122/129 MP: 12/15
 26793 | D:13     | Found a gate to the Vaults.
 26996 | D:13     | You are sucked into a shaft and drop 2 floors!
 26996 | D:15     | Entered Level 15 of the Dungeon
 27082 | D:15     | Noticed Agnes
 27092 | D:15     | Found a staircase to the Depths.
 28398 | D:13     | Reached skill level 16 in Fighting
 28751 | D:14     | Noticed kairosrom117's ghost (journeyman DrFE)
 28766 | D:14     | Found a transporter.
 28769 | D:14     | Found a transporter.
 29190 | D:14     | Found a shimmering blue altar of Sif Muna.
 30125 | D:15     | Noticed a tengu reaver
 30131 | D:15     | Killed a tengu reaver
 30406 | Spider:1 | Entered Level 1 of the Spider Nest
 30439 | Spider:1 | Identified the +7 war axe of Amortisation {speed, +Blink
                  | rPois Int-2 Dex-5}
 30799 | Spider:1 | Found a glacial archway.
 30841 | IceCv    | Entered an ice cave
 31727 | IceCv    | Reached XP level 16. HP: 139/139 MP: 16/16
 31800 | IceCv    | Found a viscous altar of Jiyva.
 32077 | IceCv    | Got the Atlas of the Serac
 32085 | IceCv    | Identified the +12 ice dragon scales "Uraqaudo" {rPois rF-
                  | rC++}
 32773 | Spider:1 | Identified the +3 trident "Colymaji" {freeze, Str+6}
 32934 | Spider:2 | Identified the +0 scale mail of Noon {-Cast rF+ rC+ SInv}
 32969 | Spider:2 | You are sucked into a shaft and drop 1 floor!
 33017 | Spider:2 | Reached skill level 17 in Fighting
 35479 | Spider:3 | Found a large runed translucent door.
 35479 | Spider:3 | Found a large runed translucent door.
 35480 | Spider:3 | Noticed MrSquiggles's ghost (adept KoBr)
 35568 | Spider:4 | Entered Level 4 of the Spider Nest
 35702 | Spider:4 | Mangled by a radroach

Illustrated notes

Levels and vault maps discovered:
D:1:      dpeg_arrival_pits, layout_basic, minmay_vboxes
D:2:      layout_loops_corners, serial_shops, nicolae_shop_waterfront,
          minmay_misc_feat_alley, hex_tiny, corexii_hall_statues_x, uniq_sigmund
D:3:      layout_loops_cross, goddamned_bats, uniq_terence
D:4:      corexii_shantytown, layout_loops_corners,
          gammafunk_ghost_nasty_kobolds, uniq_menkaure, uniq_edmund,
          uniq_duvessa, uniq_grinder
D:5:      layout_basic, minmay_temple_entry_slanted, serial_shops, shop,
          uniq_ijyb, uniq_blork_the_orc, uniq_eustachio
D:6:      layout_rooms, gammafunk_ghost_arena
D:7:      layout_basic, uniq_maurice
D:8:      layout_basic, lair_entry_dummy, hex_intersection, minmay_the_grid_2x2
          [minmay_the_grid_mess, minmay_the_grid_gridbox,
          minmay_the_grid_dragon_a, minmay_the_grid_prize_shrinking_boxes],
          uniq_psyche
D:9:      layout_layer_cave, minitemple, minivault_16, minmay_liquid_box,
          water_maze_lemuel, uniq_harold
D:10:     layout_basic, okawaru_ov_weapons_minmay,
          minmay_orc_entry_temple_small, lightli_minifort, uniq_sonja
D:11:     layout_loops_corners
D:12:     layout_rooms
D:13:     layout_rooms, grunt_vaults_entry_tiered, minivault_25
D:14:     layout_roguey, kennysheep_another_room, gammafunk_ghost_arena,
          hellmonk_sif_muna_bookshelves
D:15:     hellmonk_depths_entry_around_the_bend, layout_loops_corners,
          serial_park_tiny_1, uniq_agnes
Temple:   eino_narrow_crystal_temple
Lair:1:   layout_cave_pods, pdpol_lair_neglected_garden
Lair:2:   layout_regular_city
Lair:3:   regret_index_malice_mire, layout_regular_city,
          minmay_shoals_entry_hut, spider_nest_entry_webs,
          minmay_stone_trees_small, serial_bayou_shore_a, uniq_fannar
Lair:4:   layout_small_grid, nicolae_slime_entry_field_trip,
          nicolae_volcano_entry_batcave
Lair:5:   cheibrodos_lair_end_hotspot, layout_cellular_growth,
          chequers_serial_rivers_small_b
Spider:1: layout_spider_delve, portal_ice_cave_entry_pillars_three
Spider:2: layout_spider_delve
Spider:3: layout_spider_delve, ebering_ghost_disaster_area, special_room
          [special_room_bee], drop_trap
Spider:4: grunt_spider_rune_circles
Orc:1:    layout_diamond_mine, gammafunk_ghost_split,
          nicolae_orc_quarried_blocks
Orc:2:    grunt_orc_tribal_feast, layout_caves, serial_shops, shop

Skill      XL: |  1  2  3  4  5  6  7  8  9 10 11 12 13 14 15 16 |
---------------+-------------------------------------------------+-----
Axes           | 2 3 4 5 7 9 10 11 12 13 14 | 14.7
Fighting       | 4 5 6 7 9 11 12 13 14 15 16 17 | 17.5
Shields        | 3 4 6 7 9 10 11 12 | 12.5
Armour         | 3 5 6 9 11 13 | 13.7
Evocations     | |  0.8

Action                     |  1- 3 |  4- 6 |  7- 9 | 10-12 | 13-15 | 16-18 || total
---------------------------+-------+-------+-------+-------+-------+-------++-------
  Melee: War axe           |   103 |   122 |   507 |   950 |   890 |   517 ||  3089
         Broad axe         |       |       |       |       |   505 |       ||   505
 Invoke: Potion Petition   |       |       |       |     1 |     1 |     1 ||     3
  Evoke: Wand              |       |       |     1 |    24 |     6 |       ||    31
         Box of beasts     |       |       |       |     2 |     2 |       ||     4
         Lightning rod     |       |       |       |       |     9 |       ||     9
    Use: Scroll            |       |       |    10 |     7 |    18 |       ||    35
   Stab: Distracted        |       |       |       |     4 |     8 |     4 ||    16
         Petrified         |       |       |       |       |    18 |       ||    18
         Petrifying        |       |       |       |       |     2 |       ||     2
         Sleeping          |       |       |       |       |     2 |       ||     2
 Armour: Scale mail        |    64 |       |   436 |   883 |   659 |       ||  2042
         Chain mail        |    13 |   174 |    40 |       |       |       ||   227
         Plate armour      |       |       |       |       |   751 |       ||   751
         Crystal plate arm |       |       |       |       |     1 |   569 ||   570
  Dodge: Dodged            |    37 |   106 |   272 |   372 |   554 |   142 ||  1483
  Block: Buckler           |    20 |    50 |   114 |   233 |   246 |       ||   663
         Kite shield       |       |       |       |       |   271 |   299 ||   570

Table legend: (Time is in decaauts)
 A = Elapsed time spent in this place.
 B = Non-inter-level travel time spent in this place.
 C = Inter-level travel time spent in this place.
 D = Time resting spent in this place.
 E = Time spent auto-exploring this place.
 F = Levels seen in this place.
 G = Mean time per level.
                   A        B        C        D        E       F      G
               +--------+--------+--------+--------+--------+-----+--------+
         Total |  35634 |  34357 |   1277 |   9232 |  17268 |  29 | 1228.8 |
       Dungeon |  17767 |  16962 |    805 |   4004 |   9284 |  15 | 1184.5 |
        Temple |     17 |      9 |      8 |      0 |      0 |   1 |   17.0 |
          Lair |   9010 |   8730 |    280 |   2172 |   4827 |   5 | 1802.0 |
   Spider Nest |   3702 |   3611 |     91 |   1033 |   1828 |   4 |  925.5 |
  Orcish Mines |   3102 |   3010 |     92 |   1011 |   1020 |   2 | 1551.0 |
      Ice Cave |   1316 |   1316 |      0 |    545 |    278 |   1 | 1316.0 |
       Volcano |    717 |    717 |      0 |    467 |     31 |   1 |  717.0 |
               +--------+--------+--------+--------+--------+-----+--------+

Top non-repeatable levels by time:
  Lair:3: 2549 daAuts
  Lair:2: 2081 daAuts
     D:9: 2017 daAuts
   Orc:1: 1896 daAuts
    D:15: 1891 daAuts
  Lair:5: 1653 daAuts
  Lair:1: 1515 daAuts
Spider:2: 1499 daAuts
     D:8: 1438 daAuts
     D:4: 1388 daAuts
    D:10: 1373 daAuts
    D:13: 1325 daAuts
   IceCv: 1316 daAuts
     D:7: 1279 daAuts
  Lair:4: 1209 daAuts
